 Dungeon Crawl Stone Soup version 0.20.1-1-g8b1a95d (webtiles) character file.

3810 Folque the Destroyer (level 10, -8/60 HPs)
             Began as an Octopode Wizard on Nov 10, 2017.
             Was a Priest of Sif Muna.
             Shot with an arrow by a centaur warrior (14 damage)
             ... on level 8 of the Dungeon.
             The game lasted 00:38:26 (7709 turns).

Folque the Destroyer (Octopode Wizard)              Turns: 7709, Time: 00:38:27

Health: -8/60      AC:  2    Str: 14    XL:     10   Next: 17%
Magic:  11/22      EV: 14    Int: 25    God:    Sif Muna [***...]
Gold:   437        SH:  0    Dex: 17    Spells: 17/25 levels left

rFire    x . .     SeeInvis +   C - +4 dire flail (protect)
rCold    + . .     Gourm    .   (shield currently unavailable)
rNeg     . . .     Faith    .   a - +1 hat
rPois    .         Spirit   .   (no amulet)
rElec    .         Reflect  .   o - +4 ring of strength
rCorr    .         Harm     .   q - +3 ring of dexterity
MR       .....                  z - ring "Ytuepi" {Ice MR- Str+4 Dex+4 SInv}
Stlth    +++.......             (no ring)
Regen    0.2/turn               (no ring)
MPRegen  0.2/turn               (no ring)
                                (no ring)
                                (no ring)

@: very slightly contaminated
A: almost no armour, stealthy swim, amphibious, 8 rings, constrict 8, camouflage
1, gelatinous body 1
a: Divine Energy, Channel Magic, Renounce Religion


You were on level 8 of the Dungeon.
You worshipped Sif Muna.
Sif Muna was most pleased with you.
You were not hungry.

You visited 2 branches of the dungeon, and saw 9 of its levels.

You collected 437 gold pieces.

Inventory:

Hand Weapons
 e - a +0 dagger
 i - a +1 hand axe
 l - a +0 long sword
 y - a +0 flail of protection
 B - a +2 quarterstaff of chaos
 C - a +4 dire flail of protection (weapon)
Armour
 a - a +1 hat (worn)
 g - a +0 buckler
Jewellery
 o - a +4 ring of strength (left tentacle)
 q - a +3 ring of dexterity (right tentacle)
 z - the ring "Ytuepi" (on tentacle) {Ice MR- Str+4 Dex+4 SInv}
   (You found it on level 5 of the Dungeon)

   [ring of ice]

   It enhances your ice magic.
   It affects your strength (+4).
   It affects your dexterity (+4).
   It makes you vulnerable to fire.
   It protects you from cold.
   It affects your resistance to hostile enchantments.
   It lets you see invisible.
Scrolls
 d - 3 scrolls of remove curse
 f - a scroll of enchant armour
 m - 4 scrolls of identify
 u - a scroll of enchant weapon
 v - a scroll of amnesia
 w - a scroll of magic mapping {unknown}
 x - 3 scrolls of teleportation
 A - a scroll of summoning {unknown}
Potions
 h - 2 potions of magic
 k - 2 potions of haste {unknown}
 n - a potion of mutation {unknown}
 p - 4 potions of curing {unknown}
 r - 2 potions of ambrosia {unknown}
 s - 4 potions of flight
 E - a potion of might {unknown}
 F - a potion of agility {unknown}
 G - a potion of berserk rage {unknown}
 H - 3 potions of heal wounds {unknown}
Books
 b - a book of Minor Magic

   Spells                             Type                      Level
   a - Magic Dart                     Conjuration                  1
   b - Blink                          Translocation                2
   c - Call Imp                       Summoning                    2
   d - Slow                           Hexes                        2
   e - Conjure Flame                  Conjuration/Fire             3
   f - Mephitic Cloud                 Conjuration/Poison/Air       3
Comestibles
 c - 7 bread rations
 j - 6 royal jellies
 t - 4 meat rations
 D - 9 chunks of flesh


   Skills:
 - Level 2.2 Fighting
 - Level 2.0 Dodging
 - Level 2.6 Stealth
 + Level 8.2 Spellcasting
 * Level 10.7 Conjurations
 - Level 1.0 Summonings
 - Level 1.0 Translocations
 - Level 4.4 Poison Magic


You had 17 spell levels left.
You knew the following spells:

 Your Spells              Type           Power        Failure   Level  Hunger
a - Magic Dart            Conj           ####         1%          1    None
b - Call Imp              Summ           ###.....     6%          2    None
c - Blink                 Tloc           N/A          6%          2    None
d - Mephitic Cloud        Conj/Pois/Air  #####...     2%          3    None


Dungeon Overview and Level Annotations

Branches:
Dungeon (8/15)             Temple (1/1) D:5
   Lair: D:8-11

Altars:
Ashenzari
Cheibriados
Dithmenos
Elyvilon
Fedhas
Gozag
Hepliaklqana
Kikubaaqudgha
Makhleb
Nemelex Xobeh
Okawaru
Qazlal
Ru
Sif Muna
Trog
Uskayaw
Vehumet
Xom
Yredelemnul
Zin
The Shining One

Shops:
D:2 *

Annotations:
D:6 pskda's ghost, novice VSFi


Innate Abilities, Weirdness & Mutations

You cannot wear most types of armour.
You are very stealthy in the water. (Stealth+)
You are amphibious.
You can wear up to eight rings at the same time.
You can use your tentacles to constrict eight enemies at once.
Your skin changes colour to match your surroundings (Stealth+).
Your rubbery body absorbs attacks. (AC +1, EV +1)


Message History

Aiming: Mephitic Cloud
Press: ? - help, Shift-Dir - straight line, p - centaur warrior The ball explodes into a vile cloud!
The stinking cloud engulfs the centaur warrior.
The centaur warrior is severely wounded.
The centaur warrior shoots an arrow.
The arrow barely misses you.
The centaur warrior shoots an arrow.
The arrow hits you!!
* * * LOW HITPOINT WARNING * * *
The arrow freezes you.
* * * LOW HITPOINT WARNING * * *
Casting: Mephitic Cloud
Confirm with . or Enter, or press ? or * to list all spells.
Aiming: Mephitic Cloud
Press: ? - help, Shift-Dir - straight line The ball explodes into a vile cloud!
The stinking cloud engulfs the centaur warrior.
The centaur warrior is severely wounded.
The centaur warrior is engulfed in noxious fumes.
The centaur warrior shoots an arrow.
The arrow hits you!
You die...

############
#..........#
#.###########...(......#
............'.........>#
.........####...@.(....#
#.#####..# #....^.....#
.######.## #..........#
.........# ######§#####
########.## #§# #..# #c#
##.## #.# ##### #..# #.#
...# ##.# #..


You could see a centaur warrior.

Vanquished Creatures
  Prince Ribbit (D:8)
  A wyvern (D:8)
  The ghost of vuolankoinen the Scratcher, an amateur FeMo of Nemelex Xobeh (D:7)
  A human (D:8)
  4 hogs (D:8)
  Duvessa (D:5)
  An orc warrior (D:7)
  2 ice beasts
  3 sky beasts
  3 phantoms
  A black bear (D:7)
  A centaur (D:6)
  A crocodile (D:7)
  A big kobold (D:8)
  3 bullfrogs
  Dowan (D:5)
  4 howler monkeys
  6 crimson imps
  A hound (D:7)
  An orc priest (D:7)
  Crazy Yiuf (D:5)
  A centaur skeleton (D:6)
  An orc wizard (D:5)
  A bullfrog skeleton (D:6)
  A gnoll shaman (D:7)
  4 worker ants
  Natasha (D:2)
  Terence (D:2)
  A hound zombie (D:7)
  A hound skeleton (D:8)
  5 gnolls (D:7)
  5 adders
  2 adder skeletons
  An adder zombie (D:3)
  4 dart slugs
  3 leopard geckos
  12 orcs
  8 bats
  5 giant cockroaches
  21 goblins
  9 hobgoblins
  11 jackals
  13 kobolds
  3 quokkas
  2 ball pythons
  6 frilled lizards
  A leopard gecko skeleton (D:4)
  6 rats
168 creatures vanquished.

Vanquished Creatures (collateral kills)
  Edmund (D:5)
  An ice beast (D:5)
  A centaur (D:7)
  A bullfrog (D:5)
  Blork the orc (D:4)
  A hound (D:4)
  2 iguanas (D:4)
  4 adders
  An adder skeleton (D:7)
  2 worms
  2 orcs (D:5)
  A goblin (D:2)
  A frilled lizard (D:4)
  A rat (D:2)
20 creatures vanquished.

Vanquished Creatures (others)
  A quasit (D:5)
1 creature vanquished.

Grand Total: 189 creatures vanquished

Notes
Turn   | Place    | Note
-------+----------+-------------------------------------------
     0 | D:1      | Folque the Octopode Wizard began the quest for the Orb.
     0 | D:1      | Reached XP level 1. HP: 11/11 MP: 4/4
    57 | D:1      | Reached skill level 1 in Fighting
    78 | D:1      | Reached XP level 2. HP: 17/18 MP: 1/6
   182 | D:1      | Learned a level 2 spell: Call Imp
   185 | D:1      | Learned a level 2 spell: Blink
   646 | D:1      | Reached XP level 3. HP: 23/24 MP: 7/7
   651 | D:1      | Learned a level 3 spell: Mephitic Cloud
   766 | D:2      | Reached skill level 1 in Poison Magic
  1161 | D:2      | Noticed Natasha
  1171 | D:2      | Killed Natasha
  1171 | D:2      | Reached XP level 4. HP: 29/29 MP: 9/9
  1396 | D:2      | Found Gozag's Platinum Reserve.
  1398 | D:2      | Found an opulent altar of Gozag.
  1637 | D:2      | Noticed Terence
  1658 | D:2      | Killed Terence
  1878 | D:3      | Reached XP level 5. HP: 33/34 MP: 8/11
  2317 | D:3      | Noticed a centaur
  2712 | D:4      | Reached XP level 6. HP: 30/39 MP: 7/12
  2972 | D:4      | Noticed Blork the orc
  2987 | D:4      | Killed Blork the orc
  2987 | D:4      | Reached skill level 2 in Conjurations
  3629 | D:5      | Entered Level 5 of the Dungeon
  3673 | D:5      | Reached XP level 7. HP: 41/45 MP: 14/14
  3685 | D:5      | Found a staircase to the Ecumenical Temple.
  3704 | D:5      | Reached skill level 5 in Spellcasting
  3704 | D:5      | Reached skill level 3 in Conjurations
  3819 | Temple   | Entered the Ecumenical Temple
  4072 | Temple   | Became a worshipper of Sif Muna the Loreminder
  4323 | D:5      | Noticed Dowan
  4327 | D:5      | Noticed Duvessa
  4333 | D:5      | Killed Dowan
  4333 | D:5      | Reached skill level 4 in Conjurations
  4347 | D:5      | Killed Duvessa
  4364 | D:5      | Got a clouded bone ring
  4369 | D:5      | Identified the ring "Ytuepi" {Ice MR- Str+4 Dex+4 SInv} (You found it on level 5 of the Dungeon)
  4533 | D:5      | Found a runed door.
  4537 | D:5      | Noticed Crazy Yiuf
  4546 | D:5      | Killed Crazy Yiuf
  4743 | D:5      | Found a stormy altar of Qazlal.
  4744 | D:5      | Found a sacrificial altar of Ru.
  4756 | D:5      | Found a hazy altar of Hepliaklqana.
  4806 | D:5      | Noticed Edmund
  4834 | D:5      | Reached skill level 5 in Conjurations
  4853 | D:5      | Killed Edmund
  4853 | D:5      | Reached * piety under Sif Muna
  4853 | D:5      | Reached XP level 8. HP: 14/50 MP: 3/16
  5231 | D:6      | Reached skill level 6 in Conjurations
  5235 | D:6      | Found an iron altar of Okawaru.
  5247 | D:6      | Noticed pskda's ghost (novice VSFi)
  5610 | D:6      | Reached ** piety under Sif Muna
  5610 | D:6      | Reached skill level 7 in Conjurations
  5888 | D:6      | Found a snail-covered altar of Cheibriados.
  6090 | D:7      | Reached XP level 9. HP: 54/54 MP: 3/19
  6247 | D:7      | Reached skill level 8 in Conjurations
  6333 | D:7      | Noticed vuolankoinen's ghost (amateur FeMo)
  6659 | D:7      | Killed vuolankoinen's ghost
  6983 | D:7      | Reached skill level 9 in Conjurations
  7365 | D:8      | Noticed Prince Ribbit
  7370 | D:8      | Reached *** piety under Sif Muna
  7531 | D:8      | Reached skill level 10 in Conjurations
  7533 | D:8      | Reached XP level 10. HP: 51/60 MP: 13/21
  7631 | D:8      | Killed Prince Ribbit
  7692 | D:8      | Noticed a centaur warrior
  7709 | D:8      | Shot with an arrow by a centaur warrior

Skill      XL: |  1  2  3  4  5  6  7  8  9 10 |
---------------+-------------------------------+-----
Fighting       | 1 2 |  2.2
Poison Magic   | 1 2 4 |  4.4
Spellcasting   | 4 5 6 7 8 |  8.2
Conjurations   | 2 5 7 10 | 10.7
Dodging        | |  2.0
Stealth        | |  2.6
Summonings     | |  1.0
Translocations | |  1.0

Action                   |  1- 3 |  4- 6 |  7- 9 | 10-12 || total
-------------------------+-------+-------+-------+-------++-------
Melee: Dagger            |    12 |       |       |       ||    12
       Constrict         |    16 |    38 |    39 |     4 ||    97
       Tentacles         |    14 |    22 |    40 |     5 ||    81
       Unarmed           |     1 |       |       |       ||     1
       Hand axe          |    47 |    52 |       |       ||    99
       Long sword        |       |    75 |       |       ||    75
       Flail             |       |       |    34 |       ||    34
       Quarterstaff      |       |       |    27 |       ||    27
       Dire flail        |       |       |   162 |    19 ||   181
 Cast: Magic Dart        |     8 |     9 |    20 |     3 ||    40
       Call Imp          |     2 |    22 |    31 |       ||    55
       Mephitic Cloud    |       |     7 |    34 |     6 ||    47
       Blink             |       |     1 |    13 |     3 ||    17
  Use: Scroll            |       |     8 |     4 |       ||    12
 Stab: Sleeping          |    11 |    16 |     2 |     1 ||    30
       Confused          |       |     1 |     6 |     1 ||     8
       Paralysed         |       |       |     4 |       ||     4
       Distracted        |       |       |     2 |       ||     2
  Eat: Chunk             |     1 |     9 |    13 |       ||    23
Armor: Skin              |     2 |    18 |    48 |     3 ||    71
Dodge: Dodged            |    42 |    87 |   125 |    10 ||   264
       Rpst.: Long sword |       |    16 |       |       ||    16
